 Dungeon Crawl Stone Soup version 0.29-a0-1009-g60c99734e7 (webtiles) character file.

Game seed: 1028805437808473283

133 siradein the Shield-Bearer (level 5, -1/28 HPs)
             Began as a Vine Stalker Fighter on Aug 8, 2022.
             Was a Follower of the Shining One.
             Slain by Grinder (2 damage)
             ... on level 3 of the Dungeon.
             The game lasted 00:03:29 (2948 turns).

siradein the Shield-Bearer (Vine Stalker Fighter)   Turns: 2948, Time: 00:03:30

Health: -1/28      AC:  7    Str: 18    XL:     5   Next: 16%
Magic:  0/6        EV:  9    Int:  8    God:    the Shining One [*.....]
Gold:   109        SH:  5    Dex: 16    Spells: 4/4 levels left

rFire   . . .      SeeInvis .   a - +0 long sword
rCold   . . .      Faith    .   c - +0 buckler
rNeg    . . .      Spirit   +   b - +0 scale mail
rPois   .          Reflect  .   (no helmet)
rElec   .          Harm     .   e - +0 cloak
rCorr   .          Rampage  .   (no gloves)
Will    .....                   (no boots)
Stlth   ..........              (no amulet)
HPRegen 0.89/turn               (no ring)
MPRegen 0.10/turn               (no ring)

@: glowing
A: fangs 2, regeneration 1, magic shield, antimagic bite, no potion heal 2
a: Renounce Religion, Divine Shield


You were on level 3 of the Dungeon.
You worshipped the Shining One.
The Shining One was aware of your devotion.
You visited 1 branch of the dungeon, and saw 3 of its levels.

You collected 109 gold pieces.

Inventory:

Hand Weapons
 a - a +0 long sword (weapon)
Armour
 b - a +0 scale mail (worn)
 c - a +0 buckler (worn)
 e - a +0 cloak (worn)
Jewellery
 f - a ring of wizardry
Wands
 s - a wand of digging (4)
Scrolls
 h - a scroll of fog {unknown}
 i - a scroll of magic mapping {unknown}
 k - a scroll of blinking {unknown}
 l - 5 scrolls of identify {unknown}
 m - a scroll of amnesia {unknown}
 n - 2 scrolls of vulnerability {unknown}
 o - 2 scrolls of immolation {unknown}
 p - a scroll of poison {unknown}
 q - a scroll of fear {unknown}
Potions
 d - 2 potions of might
 g - 3 potions of curing
 j - a potion of brilliance {unknown}
 r - 2 potions of flight {unknown}


   Skills:
 + Level 3.4 Fighting
 + Level 2.7 Long Blades
 + Level 3.1 Armour
 + Level 3.5 Shields


You had 4 spell levels left.
You didn't know any spells.
Your spell library contained the following spells:

 Spells                   Type           Power      Damage    Failure   Level
 Foxfire                  Conj/Fire      0%         2x1d4     87%         1
 Sandblast                Erth           0%         2d4       87%         1
 Passwall                 Tmut/Erth      0%         N/A       95%         2
 Conjure Flame            Conj/Fire      0%         6-21      99%         3
 Inner Flame              Hex/Fire       0%         N/A       99%         3
 Stone Arrow              Conj/Erth      0%         3d7       99%         3
 Flame Wave               Conj/Fire      0%         2d4       100%        4
 Dispersal                Tloc           0%         N/A       100%        6
 Disjunction              Tloc           0%         N/A       100%        8


Dungeon Overview and Level Annotations

Branches:
Dungeon (3/15)

Altars:
Ru
Sif Muna
The Shining One

Shops:
D:3 =

Annotations:
D:3 Grinder, Natasha


Innate Abilities, Weirdness & Mutations

You have extremely sharp teeth.
Your natural rate of healing is unusually fast.
When hurt, damage is shared between your health and your magic reserves.
Your bite disrupts and absorbs the magic of your enemies.
Potions cannot restore your health.


Message History

Grinder blinks!
Natasha mumbles some strange words.
Natasha zaps a wand.
The bolt of dispelling energy hits you. The white imp gestures at you.
The puff of frost hits you.
* * * LOW HITPOINT WARNING * * *
Natasha zaps a wand.
The bolt of dispelling energy misses you.
Okay, then.
The white imp grins evilly.
The white imp gestures at you. The puff of frost hits you.
Grinder blinks!
You hit Grinder. Your bite misses Grinder.
Grinder is lightly wounded.
The white imp disappears in a puff of smoke!
Grinder hits you.
You writhe in agony.
* * * LOW HITPOINT WARNING * * *
Natasha howls an incantation.
Natasha shimmers violently.
Grinder gestures at you.
You struggle to resist.
Unknown command.
Unknown command.
You hit Grinder. You bite Grinder.
Grinder's magic leaks into the air.
You drain her magic.
You feel invigorated.
Grinder is moderately wounded.
Grinder hits you.
* * * LOW HITPOINT WARNING * * *
You writhe in agony.
* * * LOW HITPOINT WARNING * * *
Unknown command.
Unknown command.
You barely miss Grinder. You bite Grinder.
Grinder's magic leaks into the air.
You drain her magic.
You feel invigorated.
Grinder is moderately wounded.
Grinder hits you.
* * * LOW HITPOINT WARNING * * *
You writhe in agony.
You die...

......(...# ######## #.#
#########.######....h.#
#.####### #
#...........#.####.###.#......
####.####.####.#.#
#.......5....
##.............#.#
###h.........
##.#.####.###..#.#
#............ ...#.# #.#
#..#h# #.#.#.......> .....#
#.###..#5####.#.#.#......
####.#
#......#@#........#...... #.#
####...#.#.##.#..........
#.#######...#.#.##.#..###.....
#.....................# #.....
#########..##.#.##.##†# #...#.
#..##.#.##.##.# #...#.
#..##.#.....†.# #...#.
#.....####.######...#.
#...................#.


You could see Grinder (magic disrupted) and Natasha.

Vanquished Creatures
  Natasha (twice) (D:3)
  A gnoll (D:1)
  An adder (D:3)
  2 dart slugs
  2 orcs
  4 bats
  4 endoplasms
  6 goblins
  7 hobgoblins
  2 jackals (D:3)
  2 quokkas (D:3)
  7 ball pythons
  7 frilled lizards
  6 kobolds
  A quokka skeleton (D:2)
  5 rats
59 creatures vanquished.

Vanquished Creatures (others)
  A ball python (D:3)
1 creature vanquished.

Grand Total: 60 creatures vanquished

Notes
Turn   | Place    | Note
-------+----------+-------------------------------------------
     0 | D:1      | siradein the Vine Stalker Fighter began the quest for the
                  | Orb.
     0 | D:1      | Reached XP level 1. HP: 11/11 MP: 2/2
   580 | D:1      | Reached XP level 2. HP: 15/16 MP: 3/3
   895 | D:1      | Found a faded altar of an unknown god.
   906 | D:1      | Prayed at the altar of an unknown god.
   906 | D:1      | Became a worshipper of the Shining One
   906 | D:1      | Reached * piety under the Shining One
  1094 | D:1      | Reached XP level 3. HP: 14/20 MP: 4/4
  1879 | D:2      | Found a shimmering blue altar of Sif Muna.
  2383 | D:3      | Gained mutation: Your natural rate of healing is unusually
                  | fast. [Vine Stalker growth]
  2383 | D:3      | Reached XP level 4. HP: 22/24 MP: 5/5
  2411 | D:3      | Noticed Natasha
  2427 | D:3      | Killed Natasha
  2535 | D:3      | Noticed Grinder
  2543 | D:3      | Found a sacrificial altar of Ru.
  2751 | D:3      | Noticed Natasha
  2760 | D:3      | Killed Natasha
  2761 | D:3      | Reached XP level 5. HP: 27/28 MP: 4/6
  2786 | D:3      | Found Efiuvuul's Jewellery Shop.
  2926 | D:3      | Noticed Natasha
  2948 | D:3      | HP: 1/28 [Grinder (3)]
  2948 | D:3      | Slain by Grinder

Illustrated notes

Levels and vault maps discovered:
D:1:      ebering_hopf_link, layout_basic, nicolae_ecumenical_snake_handling,
          reono_crystal_passage, st_stairs_10,
          nicolae_concentric_dashed_squares_wild
D:2:      layout_basic, serial_undead, serial_undead_a, serial_undead_c,
          serial_undead_c, serial_undead_a, basic_altar
D:3:      layout_loops_ring, lemuel_tele_altar, serial_shops, shop,
          uniq_grinder, uniq_natasha

Skill      XL: |  1  2  3  4 |
---------------+-------------+-----
Long Blades    | 2 |  2.7
Fighting       | 3 |  3.4
Shields        | 3 |  3.5
Armour         | 3 |  3.1

Action                   |  1- 3 |  4- 6 || total
-------------------------+-------+-------++-------
Melee: Long sword        |    88 |    37 ||   125
       Bite              |    22 |    12 ||    34
Armor: Scale mail        |    48 |    10 ||    58
Dodge: Dodged            |    45 |    12 ||    57
Block: Buckler           |     8 |     7 ||    15

Table legend: (Time is in decaauts)
 A = Elapsed time spent in this place.
 B = Non-inter-level travel time spent in this place.
 C = Inter-level travel time spent in this place.
 D = Time resting spent in this place.
 E = Time spent auto-exploring this place.
 F = Levels seen in this place.
 G = Mean time per level.
                   A        B        C        D        E       F      G
               +--------+--------+--------+--------+--------+-----+--------+
         Total |   2990 |   2943 |     47 |      0 |   2543 |   3 |  996.7 |
       Dungeon |   2990 |   2943 |     47 |      0 |   2543 |   3 |  996.7 |
               +--------+--------+--------+--------+--------+-----+--------+

Top non-repeatable levels by time:
     D:1: 1620 daAuts
     D:2: 778 daAuts
     D:3: 591 daAuts
